[ AOE2 MATCH · #505670418 ]
UnrankedChinese vs Armenians
Player's team · WIN
Rival team · LOSS
[ REPLAY ANALYSIS · EXTRACTED FROM THE RECORDED GAME ]
Feudal
9:05
Castle
20:08
Imperial
—
| APM avg | 92.1 |
| APM peak | 120 |
| eAPM avg | 50.7 |
| Villagers / military | 87 / 45 |
Focus
⚔️ 62.6% · 🌾 37.4%
Knight ×19 · Skirmisher ×13 · Archer ×6 · Iron Pagoda ×3 · Cavalry Archer ×2 · Spearman ×1
Feudal
10:33
Castle
21:38
Imperial
—
| APM avg | 84.7 |
| APM peak | 153 |
| eAPM avg | 45.7 |
| Villagers / military | 75 / 56 |
Focus
⚔️ 73.3% · 🌾 26.7%
Cavalry Archer ×27 · Archer ×11 · Knight ×9 · Skirmisher ×5 · Militia ×4
Match map
Initial resources + every placement click. Lines = walls · curves = elevation contours. ◆ gold · ⬟ stone · ● berries · ✦ relic · ◌ wall gap
Your base· Open — opponent sealed themselves in
DS_Overtaken's base· ✓ Closed at 21:38 · 40t walls · no gate
Smoothed initial terrain · ◌ = detected wall gap · hover for details
Inputs per minute
— wR.Lucho - - DS_Overtaken
Build order — wR.Lucho
First 150 of 248 actions detected
| 0:00 | Research | Loom |
| 0:40 | Create | Villager (Male) |
| 0:40 | Create | Villager (Male) |
| 0:40 | Create | Villager (Male) |
| 1:04 | Create | Villager (Male) |
| 1:05 | Create | Villager (Male) |
| 1:28 | Create | Villager (Male) |
| 1:28 | Create | Villager (Male) |
| 1:48 | Build | Lumber Camp |
| 1:52 | Create | Villager (Male) |
| 2:17 | Create | Villager (Male) |
| 2:17 | Create | Villager (Male) |
| 2:43 | Create | Villager (Male) |
| 3:05 | Create | Villager (Male) |
| 3:06 | Create | Villager (Male) |
| 3:20 | Build | House |
| 3:28 | Build | House |
| 3:32 | Create | Villager (Male) |
| 3:33 | Create | Villager (Male) |
| 3:50 | Create | Villager (Male) |
| 3:50 | Create | Villager (Male) |
| 3:51 | Create | Villager (Male) |
| 4:43 | Create | Villager (Male) |
| 4:43 | Create | Villager (Male) |
| 4:43 | Create | Villager (Male) |
| 4:56 | Create | Villager (Male) |
| 5:01 | Build | Mill |
| 5:06 | Create | Villager (Male) |
| 5:34 | Create | Villager (Male) |
| 6:53 | Research | Feudal Age |
| 7:22 | Build | Lumber Camp |
| 7:43 | Create | Villager (Male) |
| 7:49 | Create | Villager (Male) |
| 7:51 | Build | Palisade Wall |
| 7:57 | Create | Villager (Male) |
| 8:02 | Build | Barracks |
| 8:18 | Build | Palisade Gate |
| 8:27 | Create | Villager (Male) |
| 8:38 | Create | Villager (Male) |
| 9:05 | Build | House |
| 9:05 | Age | Feudal Age |
| 9:08 | Build | Archery Range |
| 9:09 | Research | Double-Bit Axe |
| 9:14 | Build | Mining Camp |
| 9:17 | Build | Palisade Wall |
| 9:18 | Build | Palisade Wall |
| 9:24 | Create | Spearman |
| 9:31 | Create | Villager (Male) |
| 9:34 | Build | House |
| 9:37 | Build | Palisade Wall |
| 9:38 | Build | Palisade Wall |
| 9:38 | Build | Palisade Wall |
| 9:39 | Build | Palisade Wall |
| 9:42 | Build | Palisade Wall |
| 9:43 | Build | Palisade Wall |
| 9:47 | Create | Villager (Male) |
| 9:55 | Research | Horse Collar |
| 9:56 | Research | Horse Collar |
| 9:56 | Research | Horse Collar |
| 10:04 | Create | Archer |
| 10:13 | Build | Farm |
| 10:32 | Build | Palisade Wall |
| 10:37 | Create | Archer |
| 10:38 | Build | Palisade Wall |
| 11:01 | Create | Villager (Male) |
| 11:01 | Build | Farm |
| 11:02 | Build | Farm |
| 11:07 | Build | Palisade Wall |
| 11:08 | Build | Palisade Wall |
| 11:12 | Create | Skirmisher |
| 11:24 | Build | Palisade Wall |
| 11:28 | Create | Villager (Male) |
| 11:35 | Create | Skirmisher |
| 12:00 | Build | Blacksmith |
| 12:16 | Create | Villager (Male) |
| 12:18 | Build | House |
| 12:21 | Build | Farm |
| 12:22 | Build | Farm |
| 12:27 | Research | Wheelbarrow |
| 12:27 | Research | Wheelbarrow |
| 12:36 | Build | House |
| 12:43 | Create | Archer |
| 12:46 | Create | Villager (Male) |
| 12:48 | Build | Farm |
| 12:49 | Build | House |
| 12:50 | Research | Fletching |
| 13:01 | Build | Farm |
| 13:09 | Create | Villager (Male) |
| 13:12 | Build | Farm |
| 13:16 | Create | Skirmisher |
| 13:20 | Build | Palisade Wall |
| 13:28 | Create | Villager (Male) |
| 13:29 | Build | Farm |
| 13:31 | Create | Skirmisher |
| 13:42 | Build | House |
| 13:45 | Build | Palisade Wall |
| 13:45 | Build | Palisade Wall |
| 13:59 | Build | Farm |
| 14:02 | Build | Farm |
| 14:09 | Build | House |
| 14:21 | Build | Palisade Wall |
| 14:31 | Build | Farm |
| 14:45 | Build | Palisade Wall |
| 14:46 | Build | Palisade Wall |
| 14:54 | Build | Palisade Wall |
| 14:55 | Build | Farm |
| 14:58 | Create | Villager (Male) |
| 14:59 | Create | Villager (Male) |
| 15:06 | Build | Palisade Wall |
| 15:07 | Create | Villager (Male) |
| 15:08 | Build | Farm |
| 15:12 | Create | Villager (Male) |
| 15:15 | Create | Archer |
| 15:19 | Build | Palisade Wall |
| 15:24 | Build | Palisade Wall |
| 15:26 | Create | Villager (Male) |
| 15:41 | Create | Villager (Male) |
| 15:44 | Build | Farm |
| 15:44 | Create | Villager (Male) |
| 15:45 | Create | Archer ×2 |
| 15:52 | Build | Palisade Wall |
| 15:55 | Create | Villager (Male) |
| 15:58 | Create | Villager (Male) |
| 15:59 | Create | Villager (Male) |
| 16:11 | Build | Farm |
| 16:19 | Create | Skirmisher |
| 16:28 | Create | Skirmisher |
| 16:41 | Build | Farm |
| 17:21 | Research | Castle Age |
| 17:30 | Create | Skirmisher |
| 17:38 | Research | Gold Mining |
| 17:39 | Research | Gold Mining |
| 17:52 | Create | Skirmisher |
| 18:00 | Research | Padded Archer Armor |
| 18:00 | Research | Padded Archer Armor |
| 18:16 | Create | Skirmisher |
| 18:17 | Create | Villager (Male) |
| 18:28 | Research | Scale Barding Armor |
| 18:32 | Build | Stable |
| 19:21 | Build | Stable |
| 19:28 | Research | Bloodlines |
| 19:29 | Research | Bloodlines |
| 20:08 | Age | Castle Age |
| 20:10 | Create | Knight |
| 20:10 | Create | Knight |
| 20:11 | Research | Elite Skirmisher (upgrade) |
| 20:11 | Research | Bodkin Arrow |
| 20:27 | Create | Villager (Male) |
| 20:28 | Create | Knight |
| 20:29 | Create | Knight |
Build order — DS_Overtaken
First 150 of 248 actions detected
| 0:00 | Create | Villager (Male) |
| 0:01 | Create | Villager (Male) |
| 0:01 | Create | Villager (Male) |
| 0:02 | Build | House |
| 0:03 | Build | House |
| 0:19 | Create | Villager (Male) |
| 1:24 | Create | Villager (Male) |
| 1:48 | Build | Mule Cart |
| 1:55 | Create | Villager (Male) |
| 2:15 | Create | Villager (Male) |
| 2:40 | Create | Villager (Male) |
| 3:15 | Create | Villager (Male) |
| 3:27 | Build | House |
| 3:34 | Create | Villager (Male) |
| 3:56 | Build | House |
| 4:06 | Create | Villager (Male) |
| 4:21 | Create | Villager (Male) |
| 4:33 | Build | Barracks |
| 4:45 | Create | Villager (Male) |
| 4:49 | Build | House |
| 4:53 | Create | Villager (Male) |
| 5:31 | Create | Militia |
| 5:40 | Create | Villager (Male) |
| 5:46 | Create | Militia |
| 5:56 | Build | Mill |
| 6:08 | Create | Villager (Male) |
| 6:35 | Create | Villager (Male) |
| 7:02 | Create | Villager (Male) |
| 7:11 | Build | Palisade Wall |
| 7:12 | Build | House |
| 7:20 | Create | Villager (Male) |
| 7:30 | Build | Mule Cart |
| 7:44 | Create | Villager (Male) |
| 7:56 | Build | Palisade Wall |
| 8:23 | Research | Feudal Age |
| 8:23 | Research | Feudal Age |
| 8:23 | Research | Feudal Age |
| 8:33 | Create | Militia |
| 8:47 | Create | Militia |
| 8:53 | Build | House |
| 9:05 | Build | Palisade Wall |
| 9:10 | Build | Palisade Wall |
| 9:13 | Build | Palisade Wall |
| 9:17 | Build | Palisade Wall |
| 9:20 | Build | Palisade Wall |
| 9:24 | Build | Palisade Wall |
| 9:26 | Build | House |
| 9:32 | Build | Farm |
| 9:32 | Create | Villager (Male) |
| 9:33 | Build | Farm |
| 9:52 | Build | Palisade Wall |
| 9:53 | Create | Villager (Male) |
| 9:55 | Build | Palisade Wall |
| 9:56 | Build | Palisade Wall |
| 9:57 | Build | Palisade Wall |
| 10:02 | Build | Palisade Wall |
| 10:21 | Build | Palisade Wall |
| 10:33 | Age | Feudal Age |
| 10:34 | Research | Man-at-Arms (upgrade) |
| 10:35 | Research | Man-at-Arms (upgrade) |
| 10:35 | Research | Double-Bit Axe |
| 10:38 | Build | Archery Range |
| 10:46 | Create | Villager (Male) |
| 10:58 | Create | Villager (Male) |
| 11:04 | Build | Palisade Wall |
| 11:04 | Build | Palisade Wall |
| 11:12 | Build | Farm |
| 11:17 | Research | Double-Bit Axe |
| 11:17 | Research | Double-Bit Axe |
| 11:25 | Create | Archer |
| 11:50 | Create | Villager (Male) |
| 12:05 | Create | Villager (Male) |
| 12:11 | Create | Skirmisher |
| 12:16 | Create | Villager (Male) |
| 12:17 | Build | Farm |
| 12:21 | Build | Farm |
| 12:23 | Build | Farm |
| 12:33 | Create | Skirmisher |
| 12:49 | Build | Mule Cart |
| 12:54 | Create | Skirmisher |
| 13:08 | Create | Villager (Male) |
| 13:12 | Create | Archer |
| 13:27 | Create | Villager (Male) |
| 13:31 | Build | Blacksmith |
| 13:44 | Build | Farm |
| 13:52 | Research | Loom |
| 13:56 | Build | Farm |
| 14:07 | Research | Scale Mail Armor |
| 14:07 | Create | Villager (Male) |
| 14:13 | Build | House |
| 14:14 | Build | House |
| 14:18 | Research | Long Swordsman (upgrade) |
| 14:18 | Research | Long Swordsman (upgrade) |
| 14:30 | Build | Farm |
| 14:32 | Build | Farm |
| 14:34 | Create | Villager (Male) |
| 14:44 | Create | Villager (Male) |
| 14:58 | Create | Villager (Male) |
| 15:02 | Create | Skirmisher |
| 15:12 | Build | House |
| 15:13 | Build | House |
| 15:20 | Create | Villager (Male) |
| 15:20 | Create | Villager (Male) |
| 15:24 | Build | Farm |
| 15:24 | Create | Villager (Male) |
| 15:27 | Build | Farm |
| 15:27 | Build | Farm |
| 15:51 | Build | Farm |
| 15:52 | Create | Villager (Male) |
| 15:53 | Build | Farm |
| 15:55 | Build | Farm |
| 16:00 | Create | Villager (Male) |
| 16:04 | Research | Fletching |
| 16:04 | Research | Fletching |
| 16:24 | Create | Skirmisher |
| 16:38 | Build | House |
| 16:39 | Create | Villager (Male) |
| 16:39 | Build | Farm |
| 16:40 | Build | Farm |
| 16:47 | Create | Archer |
| 17:12 | Create | Villager (Male) |
| 17:13 | Build | Farm |
| 17:30 | Build | Stable |
| 17:34 | Create | Villager (Male) |
| 17:34 | Create | Archer |
| 17:58 | Create | Villager (Male) |
| 18:00 | Create | Archer |
| 18:15 | Build | Farm |
| 18:19 | Build | Farm |
| 18:22 | Create | Villager (Male) |
| 18:23 | Create | Archer |
| 18:28 | Build | Farm |
| 18:53 | Build | Stable |
| 18:58 | Research | Castle Age |
| 18:58 | Research | Castle Age |
| 18:58 | Research | Castle Age |
| 19:00 | Create | Archer |
| 19:05 | Create | Archer |
| 19:22 | Research | Gold Mining |
| 19:22 | Research | Gold Mining |
| 19:34 | Create | Archer |
| 19:40 | Research | Bloodlines |
| 19:40 | Research | Bloodlines |
| 19:47 | Build | Farm |
| 19:52 | Research | Horse Collar |
| 19:52 | Research | Horse Collar |
| 19:59 | Research | Bloodlines |
| 19:59 | Research | Bloodlines |
| 19:59 | Research | Bloodlines |
| 20:03 | Build | House |
Match timeline
| 4:33 | DS_Overtaken · first_building Barracks |
| 7:11 | DS_Overtaken · wall_segment Palisade Wall x1 |
| 7:51 | wR.Lucho · wall_segment Palisade Wall x2 |
| 7:56 | DS_Overtaken · wall_segment Palisade Wall x8 |
| 8:02 | wR.Lucho · first_building Barracks |
| 9:05 | DS_Overtaken · wall_segment Palisade Wall x1 |
| 9:05 | wR.Lucho · age_up feudal |
| 9:08 | wR.Lucho · first_building Archery Range |
| 9:10 | DS_Overtaken · wall_segment Palisade Wall x1 |
| 9:13 | DS_Overtaken · wall_segment Palisade Wall x1 |
| 9:17 | wR.Lucho · wall_segment Palisade Wall x2 |
| 9:17 | DS_Overtaken · wall_segment Palisade Wall x1 |
| 9:18 | wR.Lucho · wall_segment Palisade Wall x1 |
| 9:20 | DS_Overtaken · wall_segment Palisade Wall x1 |
| 9:24 | DS_Overtaken · wall_segment Palisade Wall x1 |
| 9:37 | wR.Lucho · wall_segment Palisade Wall x1 |
| 9:38 | wR.Lucho · wall_segment Palisade Wall x1 |
| 9:38 | wR.Lucho · wall_segment Palisade Wall x1 |
| 9:39 | wR.Lucho · wall_segment Palisade Wall x1 |
| 9:42 | wR.Lucho · wall_segment Palisade Wall x4 |
| 9:43 | wR.Lucho · wall_segment Palisade Wall x1 |
| 9:52 | DS_Overtaken · wall_segment Palisade Wall x11 |
| 9:55 | DS_Overtaken · wall_segment Palisade Wall x1 |
| 9:56 | DS_Overtaken · wall_segment Palisade Wall x1 |
| 9:57 | DS_Overtaken · wall_segment Palisade Wall x1 |
| 10:02 | DS_Overtaken · wall_segment Palisade Wall x7 |
| 10:21 | DS_Overtaken · wall_segment Palisade Wall x1 |
| 10:32 | wR.Lucho · wall_segment Palisade Wall x9 |
| 10:33 | DS_Overtaken · age_up feudal |
| 10:38 | wR.Lucho · wall_segment Palisade Wall x1 |
| 10:38 | DS_Overtaken · first_building Archery Range |
| 11:04 | DS_Overtaken · wall_segment Palisade Wall x1 |
| 11:04 | DS_Overtaken · wall_segment Palisade Wall x1 |
| 11:07 | wR.Lucho · wall_segment Palisade Wall x1 |
| 11:08 | wR.Lucho · wall_segment Palisade Wall x1 |
| 11:24 | wR.Lucho · wall_segment Palisade Wall x1 |
| 13:20 | wR.Lucho · wall_segment Palisade Wall x3 |
| 13:45 | wR.Lucho · wall_segment Palisade Wall x1 |
| 13:45 | wR.Lucho · wall_segment Palisade Wall x9 |
| 14:21 | wR.Lucho · wall_segment Palisade Wall x7 |
| 14:45 | wR.Lucho · wall_segment Palisade Wall x1 |
| 14:46 | wR.Lucho · wall_segment Palisade Wall x1 |
| 14:54 | wR.Lucho · wall_segment Palisade Wall x1 |
| 15:06 | wR.Lucho · wall_segment Palisade Wall x1 |
| 15:19 | wR.Lucho · wall_segment Palisade Wall x1 |
| 15:24 | wR.Lucho · wall_segment Palisade Wall x1 |
| 15:52 | wR.Lucho · wall_segment Palisade Wall x1 |
| 17:30 | DS_Overtaken · first_building Stable |
| 18:32 | wR.Lucho · first_building Stable |
| 20:08 | wR.Lucho · age_up castle |
| 20:09 | DS_Overtaken · wall_segment Palisade Wall x1 |
| 21:38 | DS_Overtaken · age_up castle |
| 22:14 | DS_Overtaken · wall_segment Palisade Wall x3 |
| 22:15 | DS_Overtaken · wall_segment Palisade Wall x1 |
| 24:26 | wR.Lucho · wall_segment Palisade Wall x1 |
| 27:48 | wR.Lucho · first_building Siege Workshop |
| 30:13 | wR.Lucho · first_building Monastery |
| 30:46 | DS_Overtaken · resign |
[ AI ANALYSIS · 1 CREDIT ]
What really happened in this match?
Wolo.gg analyzes every decision: build order, eco, micro, common mistakes by bracket. Personalized analysis on WhatsApp or Discord in 30 seconds.
Civ guide
Chinese
Perfil
Jugador #9423131